 Dungeon Crawl Stone Soup version 0.32-a0-534-ga61f84b8bd (webtiles) character file.

Game seed: 3550837219921632314

1540829 NormalPerson7 the Conqueror (level 26, 188/266 HPs)
             Began as a Mountain Dwarf Delver on Feb 27, 2024.
             Was a High Priest of Okawaru.
             Escaped with the Orb
             ... and 3 runes on Feb 28, 2024!
             The game lasted 03:27:22 (81482 turns).

NormalPerson7 the Conqueror (MDDe)                 Turns: 81482, Time: 03:27:23

Health: 188/266    AC: 52    Str: 32 (36) XL:     26   Next: 20%
Magic:  32/32      EV: 13    Int: 13 (15) God:    Okawaru [*****.]
Gold:   3089       SH: 15    Dex:  7 (13) Spells: 15/25 levels left

rFire   + . .        a - +9 broad axe (elec)
rCold   + . .        G - +0 kite shield {reflect}
rNeg    + . .        y - +6 crystal plate armour {rC+}
rPois   .            e - +2 helmet
rElec   +            z - +1 cloak of Starlight {*Dazzle EV+4 Stlth--}
rCorr   .            O - +2 pair of gloves of Kathenotheism {Str+9 Int+2}
SInv    +            p - +2 pair of boots "Tiusch" {rF+ rN+ Str+2 Int-3}
Will    +++..        w - amulet of the Coward {rElec Regen+ Str+2 Int+3} Stlth
                     Z - ring of see invisible
HPRegen 1.44/turn    L - ring of Nihilism {+Blink Will+}
MPRegen 0.23/turn

%: reflection
@: hasted, studying Unarmed Combat, very quick
A: runic magic, artefact enchanting, deterioration 1, persistent drain
0: Orb of Zot
}: 3/15 runes: barnacled, silver, gossamer
a: Renounce Religion, Evoke Blink, Heroism, Finesse, Duel


You escaped.
You worshipped Okawaru.
Okawaru was extremely pleased with you.
You visited 10 branches of the dungeon, and saw 47 of its levels.
You visited the Abyss 1 time.
You also visited: Ice Cave and Wizlab.

You collected 6429 gold pieces.
You spent 3340 gold pieces at shops.

Inventory:

Hand Weapons
 a - a +9 broad axe of electrocution (weapon)
 b - a +5 eveningstar of flaming
Missiles
 j - 108 poisoned darts (quivered)
 B - 18 curare-tipped darts
 W - a throwing net {!f}
Armour
 e - a +2 helmet (worn)
 p - the +2 pair of boots "Tiusch" (worn) {rF+ rN+ Str+2 Int-3}
   (You found it on level 11 of the Dungeon)

   Str+2:     It affects your strength (+2).
   Int-3:     It affects your intelligence (-3).
   rF+:       It protects you from fire.
   rN+:       It protects you from negative energy.
 r - the scarf of the Shimmering Gods {rC+ rF+, MP-9 Int+2 Dex+4}
   (You found it on level 4 of the Spider Nest)

   Int+2:     It affects your intelligence (+2).
   Dex+4:     It affects your dexterity (+4).
   MP-9:      It affects your magic capacity (-9).
 y - a +6 crystal plate armour of cold resistance (worn)
 z - the +1 cloak of Starlight (worn) {*Dazzle EV+4 Stlth--}
   (You found it in a wizard's laboratory)

   *Dazzle:   It may blind those who miss an attack against the wearer in melee
   combat.
   EV+4:      It affects your evasion (+4).
   Stlth--:   It makes you much less stealthy.
 G - a +0 kite shield of reflection (worn)
 O - the +2 pair of gloves of Kathenotheism (worn) {Str+9 Int+2}
   (You acquired it on level 2 of the Shoals)

   Str+9:     It affects your strength (+9).
   Int+2:     It affects your intelligence (+2).
Jewellery
 o - the ring of New Discoveries {Fly rCorr Int+2}
   (You found it in a wizard's laboratory)

   [ring of flight]

   Int+2:     It affects your intelligence (+2).
   Fly:       It grants you flight.
   rCorr:     It protects you from acid and corrosion.
 w - the amulet of the Coward (around neck) {rElec Regen+ Str+2 Int+3}
   (You bought it in a shop on level 2 of the Orcish Mines)

   [amulet of regeneration]

   Str+2:     It affects your strength (+2).
   Int+3:     It affects your intelligence (+3).
   rElec:     It insulates you from electricity.
   Regen+:    It increases your rate of health regeneration.
 E - a +5 ring of evasion
 F - a ring of protection from fire
 L - the ring of Nihilism (right hand) {+Blink Will+}
   (You found it on level 12 of the Dungeon)

   [ring of willpower]

   Will+:     It increases your willpower.
   +Blink:    It lets you blink.
 P - a ring of poison resistance
 Z - a ring of see invisible (left hand)
Wands
 d - a wand of mindburst (20)
 g - a wand of digging (29)
 D - a wand of light (29)
 S - a wand of paralysis (2)
 U - a wand of warping (23)
 V - a wand of polymorph (21)
Scrolls
 i - a scroll of revelation
 k - 10 scrolls of poison
 m - 15 scrolls of fog
 n - 8 scrolls of immolation
 q - 6 scrolls of fear
 t - 20 scrolls of teleportation
 v - 4 scrolls of vulnerability
 x - 2 scrolls of blinking
 M - 5 scrolls of silence
Potions
 c - 13 potions of curing
 f - 11 potions of haste
 h - 11 potions of heal wounds
 l - 5 potions of cancellation
 s - 3 potions of invisibility
 A - 7 potions of enlightenment
 C - 8 potions of attraction
 H - 7 potions of lignification
 I - 3 potions of resistance
 J - 5 potions of berserk rage
 N - 5 potions of ambrosia
 Q - 6 potions of magic
 R - 9 potions of mutation
 T - 6 potions of might
 Y - 4 potions of brilliance
Miscellaneous
 K - a condenser vane
 X - a lightning rod (4/4)


   Skills:
 O Level 27 Fighting
 - Level 15.5(18.0) Axes
 - Level 14.9(17.6) Maces & Flails
 + Level 25.8 Armour
 - Level 7.0 Dodging
 - Level 4.2 Stealth
 + Level 23.7 Shields
 + Level 12.9 Translocations
 - Level 13.0 Invocations
 - Level 8.0 Evocations


You had 15 spell levels left.
You knew the following spells:

 Your Spells              Type           Power      Damage    Failure   Level
a - Manifold Assault      Tloc           33%        N/A       2%          4
v - Passage of Golubria   Tloc           33%        N/A       2%          4
X - Blink                 Tloc           66%        N/A       1%          2

Your spell library contained the following spells:

 Spells                   Type           Power      Damage    Failure   Level
 Lesser Beckoning         Tloc           66%        N/A       1%          2
 Gell's Gravitas          Tloc           33%        N/A       1%          3
 Teleport Other           Tloc           33%        N/A       1%          3
 Momentum Strike          Conj/Tloc      32%        3d8       5%          2
 Dimensional Bullseye     Hex/Tloc       8%         N/A       34%         4
 Iskenderun's Mystic Bla  Conj/Tloc      16%        2d5       34%         4
 Vhi's Electric Charge    Tloc/Air       32%        N/A       34%         4
 Dispersal                Tloc           16%        N/A       36%         6
 Freeze                   Ice            0%         1d3       45%         1
 Kiss of Death            Conj/Necr      0%         2d5       45%         1
 Magic Dart               Conj           0%         1d3       45%         1
 Sandblast                Erth           0%         2d4       45%         1
 Shock                    Conj/Air       0%         1d3       45%         1
 Slow                     Hex            0%         N/A       45%         1
 Sting                    Conj/Alch      0%         1d3       45%         1
 Cigotuvi's Dreadful Rot  Necr/Alch/Air  0%         N/A       58%         2
 Ensorcelled Hibernation  Hex/Ice        0%         N/A       58%         2
 Searing Ray              Conj           0%         2d4       58%         2
 Sublimation of Blood     Necr           0%         N/A       58%         2
 Confusing Touch          Hex            0%         N/A       83%         3
 Frozen Ramparts          Ice            0%         1d1       83%         3
 Fugue of the Fallen      Necr           0%         N/A       83%         3
 Inner Flame              Hex/Fire       0%         N/A       83%         3
 Ozocubu's Armour         Ice            0%         N/A       83%         3
 Passwall                 Erth           0%         N/A       83%         3
 Sigil of Binding         Hex            0%         N/A       83%         3
 Stone Arrow              Conj/Erth      0%         3d7       83%         3
 Swiftness                Air            0%         N/A       83%         3
 Vampiric Draining        Necr           0%         2d6       83%         3
 Airstrike                Air            0%         2d(0-16)  99%         4
 Brom's Barrelling Bould  Conj/Erth      0%         2d3       99%         4
 Dispel Undead            Necr           0%         3d6       99%         4
 Fulminant Prism          Conj/Alch      0%         3d5       99%         4
 Ignite Poison            Fire/Alch      0%         N/A       99%         4
 Leda's Liquefaction      Alch/Erth      0%         N/A       99%         4
 Petrify                  Alch/Erth      0%         N/A       99%         4
 Sticky Flame             Fire/Alch      0%         2d4       99%         4
 Arcjolt                  Conj/Air       0%         1d10      100%        5
 Curse of Agony           Necr           0%         N/A       100%        5
 Fireball                 Conj/Fire      0%         3d3       100%        5
 Freezing Cloud           Conj/Ice/Air   0%         6-21      100%        5
 Irradiate                Conj/Alch      0%         3d11      100%        5
 Iskenderun's Battlesphe  Conj           0%         2d6       100%        5
 Metabolic Englaciation   Hex/Ice        0%         N/A       100%        5
 Silence                  Hex/Air        0%         N/A       100%        5
 Yara's Violent Unravell  Hex/Alch       0%         3d3       100%        5
 Bombard                  Conj/Erth      0%         9d1       100%        6
 Conjure Ball Lightning   Conj/Air       0%         3x3d6     100%        6
 Orb of Destruction       Conj           0%         9d5       100%        7
 Ignition                 Fire           0%         3d3       100%        8
 Lehudib's Crystal Spear  Conj/Erth      0%         10d2      100%        8
 Maxwell's Capacitive Co  Air            0%         ∞         100%        8
 Call Imp                 Summ           Unusable   N/A       N/A         2
 Tukima's Dance           Hex            Unusable   N/A       N/A         3
 Animate Armour           Summ/Erth      Unusable   N/A       N/A         4
 Martyr's Knell           Necr/Summ      Unusable   N/A       N/A         4
 Spellforged Servitor     Conj/Summ      Unusable   N/A       N/A         7

Dungeon Overview and Level Annotations

Branches:
Dungeon (15/15)            Temple (1/1) D:6            Lair (5/5) D:9
 Shoals (4/4) Lair:3       Spider (4/4) Lair:2        Slime (0/5) Lair:4
    Orc (2/2) D:9             Elf (2/3) Orc:2        Vaults (5/5) D:14
  Crypt (0/3) Vaults:2     Depths (4/4) D:15            Zot (5/5) Depths:4
  IceCv (visited)          WizLab (visited)

Altars:
Ashenzari
Cheibriados
Dithmenos
Elyvilon
Fedhas
Gozag
Hepliaklqana
Kikubaaqudgha
Makhleb
Nemelex Xobeh
Okawaru
Qazlal
Ru
Sif Muna
Trog
Uskayaw
Vehumet
Wu Jian
Xom
Yredelemnul
Zin
The Shining One
Lugonu

Shops:
D:5 :   D:8 !(   Orc:1 :   Orc:2 ![[[=   Elf:2 ?   Shoals:3 *   Vaults:4 [

Portals:
Hell: Depths:1 Depths:2 Depths:3 Depths:4
Abyss: Lair:5 Depths:3 Depths:4
Pandemonium: Depths:2
Ziggurat: Depths:3
Trove: D:10 (show abyssal rune of Zot)

Annotations:
Shoals:2 exclusion: downstairs
Shoals:3 3 runed translucent doors, Kifroibbe's ghost, adept DsMo; Toskicku's ghost, adept FoHu; tish's ghost, adept DECj
Depths:2 2 runed translucent doors
Depths:4 3 runed translucent doors
Zot:3 8 runed translucent doors


Innate Abilities, Weirdness & Mutations

Your spellcasting is much less encumbered by armour.
You can use scrolls of enchantment on lesser artefacts.
Your body sometimes deteriorates upon taking damage.
Your health recovers twice as slowly from being drained.


Message History

The ice devil dies!
The blast of lightning engulfs you. You resist.
Degoruof attacks as it pursues you! Degoruof hits you.
You block Degoruof's attack.
Press: ? - help, v - describe, . - travel
Here: Degoruof (surrounded by negative energy)
The floor.
Press: ? - help, v - describe, . - travel
Here: Degoruof (surrounded by negative energy)
The floor.
You hear a clap of thunder!
The blast of lightning engulfs the hellwing!!!
The blast of lightning engulfs Degoruof.
Degoruof completely resists.
Degoruof gestures.
You hear a shout! 3 ball lightnings come into view.
The ball lightning explodes!
The blast of lightning engulfs the ball lightning.
The ball lightning completely resists.
The blast of lightning engulfs Degoruof.
Degoruof completely resists.
The blast of lightning engulfs you. You resist. Degoruof gestures at you.
The iron shot hits you!!!
The ball lightning explodes!
The blast of lightning engulfs Degoruof.
Degoruof completely resists.
The blast of lightning engulfs the ball lightning.
The ball lightning completely resists.
The blast of lightning engulfs the hellwing!!!
The hellwing dies!
The blast of lightning engulfs you! You resist.
There is an open door here.
The ball lightning explodes!
The blast of lightning engulfs Degoruof.
Degoruof completely resists.
The blast of lightning engulfs you. You resist.
Degoruof gestures.
A ball lightning comes into view.
There is a staircase leading out of the dungeon here.
You have escaped!

######### .......>#
#######.###########
.##...#.##........#
......#.##........#
###.###.##......@.#
...).§..##........#
###.##§.##........#
.....#§§#####☼#####
######.*#####&.#####
.....#°.#)☼§§°.....#
####.#☼°#.☼*○°≈..ß.#
......○§#○.°§......#
..)..○°.#.°#########


You could see Degoruof (clouds) and a ball lightning.

Vanquished Creatures
  4 ancient liches
  2 dread liches (Zot:5)
  3 orbs of fire
  A juggernaut (Depths:4)
  Josephina (Depths:4)
  9 Killer Klowns
  Vv (Depths:4)
  A curse toe (Zot:3)
  Boris (Depths:4)
  Nikola (Shoals:4)
  10 golden dragons
  Arachne (Spider:3)
  3 bone dragons
  3 electric golems
  Zenata (Arena)
  Jorgrun (D:12)
  14 tentacled monstrosities
  6 liches
  25 Orb Guardians (Zot:5)
  3 titans (Vaults:5)
  3 sphinxes
  2 quicksilver dragons
  An eldritch tentacle (WizLab)
  Frances (D:11)
  The ghost of Bolyar the Brawler, an adept TrDe of Okawaru (Orc:1)
  7 death cobs
  A tentacled starspawn (WizLab)
  Kirke (Lair:3)
  9 storm dragons
  An Executioner (WizLab)
  Donald (Elf:1)
  10 shadow dragons
  3 tengu reavers
  Ilsuiw (Shoals:3)
  2 draconian monks
  12 protean progenitors
  4 draconian knights
  An emperor scorpion (Spider:4)
  9 frost giants
  6 ghost moths
  11 draconian shifters
  8 fire giants
  2 deep elf sorcerers (Elf:1)
  2 iron dragons
  A balrug (Depths:1)
  18 vault wardens
  10 draconian annihilators
  6 draconian scorchers
  A juggernaut zombie (Depths:1)
  4 deep elf elementalists
  The ghost of Zuxkoip the Executioner, a journeyman MiFi of Trog (Orc:1)
  2 reapers (WizLab)
  5 draconian stormcallers
  11 broodmothers
  The ghost of Siufuuj the Fencer, a journeyman OpMo of Nemelex Xobeh (Orc:1)
  5 orc warlords
  A spriggan defender (Depths:3)
  21 ironbound preservers
  7 very ugly things
  9 ironbound thunderhulks
  16 stone giants
  3 formless jellyfish
  13 black draconians
  7 deep elf death magi
  15 green draconians
  Nessos (Orc:2)
  9 vampire knights
  16 red draconians
  14 white draconians
  9 yellow draconians
  4 war gargoyles
  A minotaur (Lair:4)
  14 dire elephants
  The ghost of Hoory the Martial Artist, a journeyman GnSh of Yredelemnul (Lair:4)
  7 spark wasps
  The ghost of vnsknbfn the Blocker, a journeyman MiFi of Okawaru (D:13)
  14 purple draconians
  2 bunyips (Zot:1)
  13 ettins
  An eidolon (WizLab)
  2 deep elf high priests
  10 merfolk impalers
  4 merfolk javelineers
  13 fire dragons
  2 crystal guardians
  A blizzard demon (Abyss:3)
  7 great orbs of eyes
  10 entropy weavers
  35 vault guards
  Erolcha (Orc:1)
  6 rakshasas
  13 yaktaur captains
  3 peacekeepers
  6 ice dragons
  8 hydras
  10 radroaches
  A jorogumo (Spider:4)
  7 ironbound frosthearts
  2 merfolk avatars
  4 catoblepae
  3 ogre magi
  A death knight (Vaults:2)
  2 boulder beetles (D:12)
  The ghost of Kuwn the Slicer, a journeyman HuDe of Makhleb (Orc:1)
  5 spriggan air magi
  27 dancing weapons
  2 alligator snapping turtles (Shoals:4)
  A spectral frost giant (Depths:1)
  7 centaur warriors
  4 hell hogs
  4 merfolk aquamancers (Shoals:4)
  4 deep troll earth magi
  20 two-headed ogres
  2 vampire magi
  5 death yaks (Lair:2)
  6 deep troll shamans
  A death scarab (Spider:2)
  A two-headed ogre (shapeshifter) (Vaults:5)
  8 tengu warriors
  2 spriggan berserkers
  Urug (D:11)
  15 hell knights
  2 soul eaters
  5 thrashing horrors
  An occultist (Depths:3)
  2 sun demons
  8 demonic crawlers
  5 skysharks
  21 deep elf knights
  An emperor scorpion zombie (WizLab)
  Nergalle (Orc:1)
  2 shadow wraiths (Depths:1)
  A golden dragon zombie (Depths:1)
  8 pharaoh ants
  7 iron trolls
  2 spectral spark wasps (Depths:1)
  4 skeletal warriors
  2 sun moths (Spider:2)
  13 arcanists
  A mana viper (shapeshifter) (Vaults:5)
  An orb spider (shapeshifter) (D:13)
  44 deep trolls
  2 flayed ghosts
  13 orb spiders
  3 mana vipers (Zot:3)
  10 sea snakes
  2 shadow demons
  3 glowing orange brains
  12 steelbarb worms
  A spriggan simulacrum (Depths:4)
  2 obsidian statues (WizLab)
  9 necromancers
  2 swamp dragons (shapeshifter)
  18 lindwurms
  30 deep elf pyromancers
  19 ironbound convokers
  26 deep elf zephyrmancers
  A tengu zombie (Vaults:5)
  11 orc knights
  A harpy (shapeshifter) (Lair:5)
  17 harpies
  10 deep elf archers
  36 wolf spiders
  A shadow dragon zombie (Vaults:5)
  A phantasmal warrior (Vaults:2)
  A stone giant zombie (Vaults:5)
  13 cyclopes
  A tengu skeleton (Vaults:5)
  43 ugly things
  9 meliai
  Maurice (D:7)
  2 fauns
  2 fire giant zombies (Depths:1)
  An elephant (shapeshifter) (Elf:1)
  16 manticores
  11 elephants
  4 guardian serpents (Zot:4)
  4 worldbinders (WizLab)
  32 moths of wrath
  4 kobold blastminers
  8 merfolk sirens
  An apocalypse crab (WizLab)
  2 naga magi (Vaults:1)
  7 water nymphs
  5 black mambas
  3 ice statues (IceCv)
  Joseph (D:8)
  9 torpor snails
  A molten gargoyle (Depths:4)
  A water nymph (shapeshifter) (WizLab)
  4 smoke demons
  20 vault sentinels
  Jeremiah (D:8)
  2 gargoyles (D:13)
  9 cane toads
  3 eyes of devastation (Zot:1)
  8 large abominations
  A kobold demonologist (D:9)
  3 unseen horrors (D:12)
  9 komodo dragons
  A cane toad (shapeshifter) (Elf:1)
  A rime drake (Lair:5)
  2 freezing wraiths
  4 efreet
  A komodo dragon (shapeshifter) (Vaults:5)
  11 tengu conjurers
  A tormentor (Depths:4)
  An anaconda simulacrum (IceCv)
  2 ice devils (Orc:1)
  44 yaktaurs
  A golden dragon simulacrum (Depths:4)
  A hellwing (WizLab)
  A harpy zombie (Abyss:3)
  A polar bear (Lair:1)
  An ancient zyme (Abyss:3)
  4 guardian mummies (Zot:3)
  24 merfolk
  6 wind drakes
  11 trolls
  27 tarantellas
  A tengu simulacrum (Depths:4)
  4 hornets
  19 blink frogs
  A hornet (shapeshifter) (Lair:5)
  7 snapping turtles
  6 raiju
  An iron dragon simulacrum (Depths:4)
  Prince Ribbit (D:9)
  11 dream sheep
  A vampire (D:13)
  2 air elementals (Elf:2)
  33 jumping spiders
  A slime creature (shapeshifter) (Vaults:2)
  4 spriggans
  3 shadows
  29 slime creatures
  24 culicivoras
  2 ynoxinuls (Lair:5)
  8 wyverns
  15 water elementals
  4 fire elementals
  2 yaks (shapeshifter)
  3 humans (Lair:4)
  8 basilisks
  A warg (Orc:2)
  3 fire bats (D:9)
  3 steam dragons
  69 yaks
  A death yak simulacrum (IceCv)
  5 chaos spawn
  A neqoxec (Abyss:3)
  A yaktaur simulacrum (Vaults:5)
  A redback (shapeshifter) (Vaults:4)
  6 vampire mosquitoes
  39 redbacks
  A harpy simulacrum (IceCv)
  An acid dragon (D:8)
  A water moccasin (shapeshifter) (D:13)
  13 water moccasins
  A glowing shapeshifter zombie (Depths:1)
  A hell hound (D:9)
  4 black bears
  3 ice beasts
  20 orc warriors
  A swamp drake (Orc:1)
  2 sky beasts (D:6)
  A laughing skull (Vaults:2)
  10 small abominations
  19 ogres
  An ettin simulacrum (Vaults:5)
  11 wolves
  7 boggarts
  7 centaurs
  2 weeping skulls (Abyss:3)
  12 bullfrogs
  2 phantoms (D:6)
  8 kobold brigands
  A brain worm (Abyss:3)
  2 gnoll sergeants (D:12)
  An ogre simulacrum (Vaults:5)
  An earth elemental (Elf:2)
  A human skeleton (Vaults:5)
  3 scorpions
  5 wights
  An elephant simulacrum (IceCv)
  10 killer bees
  2 electric eels (D:15)
  3 howler monkeys
  A crimson imp (Orc:1)
  4 hounds
  16 orc priests
  2 gnoll boudas
  4 iguanas
  6 jellies
  An iron imp (Orc:1)
  30 orc wizards
  2 polar bear simulacra (IceCv)
  A wolf simulacrum (IceCv)
  26 gnolls
  4 adders
  A shadow imp (Orc:1)
  7 white imps
  6 ufetubi
  A ribbon worm (D:2)
  5 dart slugs
  89 orcs
  5 bats
  11 endoplasms
  6 giant cockroaches
  5 goblins
  6 hobgoblins
  5 jackals
  4 quokkas
  7 ball pythons
  5 frilled lizards
  30 kobolds
  6 rats
  An aspiring flesh (Zot:2)
  2 butterflies (Zot:3)
  3 starspawn tentacles (WizLab)
2249 creatures vanquished.

Vanquished Creatures (others)
  An eldritch tentacle (WizLab)
  A death cob (Zot:3)
  2 protean progenitors (Zot:3)
  A vault guard (Vaults:5)
  3 deep elf knights
  A deep elf pyromancer (Elf:1)
  A moth of wrath (Zot:4)
  An orange demon (D:1)
  An ice devil (D:1)
  A hellwing (D:1)
  2 jumping spiders (Spider:4)
  A howler monkey (D:14)
  A gnoll (D:12)
  An orc (D:11)
  A kobold (D:9)
  5 ball lightnings (D:1)
  A butterfly (Zot:3)
  3 starspawn tentacles (WizLab)
  4 tentacles (Shoals:2)
32 creatures vanquished.

Grand Total: 2281 creatures vanquished

Notes
Turn   | Place    | Note
-------+----------+-------------------------------------------
     0 | D:5      | NormalPerson7 the Mountain Dwarf Delver began the quest for
                  | the Orb.
     0 | D:5      | Reached XP level 1. HP: 19/19 MP: 1/1
    73 | D:5      | Noticed an ice beast
   185 | D:4      | Reached XP level 2. HP: 26/26 MP: 2/2
   620 | D:3      | Noticed a scorpion
  1027 | D:1      | Reached skill level 1 in Axes
  1106 | D:1      | Reached XP level 3. HP: 24/31 MP: 3/3
  1155 | D:1      | Found a faded altar of an unknown god.
  2015 | D:2      | Reached XP level 4. HP: 38/38 MP: 4/4
  2483 | D:3      | Killed a scorpion
  2484 | D:3      | Reached XP level 5. HP: 42/45 MP: 5/5
  3000 | D:3      | Reached skill level 5 in Axes
  3608 | D:4      | Reached XP level 6. HP: 42/51 MP: 6/6
  3889 | D:5      | Found Isiepluw's Book Boutique.
  3915 | D:5      | Found a radiant altar of Vehumet.
  4251 | D:5      | Killed an ice beast
  4252 | D:5      | Reached skill level 4 in Fighting
  4252 | D:5      | Reached XP level 7. HP: 45/59 MP: 7/7
  4520 | D:5      | Identified the +0 robe of Beyond {rF+}
  5566 | D:5      | Found a radiant altar of Vehumet.
  5814 | D:5      | Found Isiepluw's Book Boutique.
  6041 | D:6      | Reached skill level 5 in Fighting
  6062 | D:6      | Found a staircase to the Ecumenical Temple.
  6068 | Temple   | Entered the Ecumenical Temple
  6141 | Temple   | Became a worshipper of Warmaster Okawaru
  6416 | D:6      | Found a burning altar of Makhleb.
  6416 | D:6      | Found a shimmering blue altar of Sif Muna.
  6446 | D:6      | Found a snail-covered altar of Cheibriados.
  6466 | D:6      | Reached XP level 8. HP: 64/68 MP: 8/8
  7099 | D:6      | Reached * piety under Okawaru
  7100 | D:6      | Reached skill level 6 in Fighting
  7100 | D:6      | Reached skill level 5 in Maces & Flails
  7566 | D:7      | Noticed Maurice
  7577 | D:7      | Something stole a +0 mace
  7579 | D:7      | Something stole 45 gold
  7582 | D:7      | Something stole 9 poisoned darts
  7585 | D:7      | Something stole 382 gold
  7835 | D:7      | Reached skill level 1 in Shields
  8335 | D:7      | Noticed a manticore
  8432 | D:7      | Killed a manticore
  8433 | D:7      | Reached XP level 9. HP: 62/78 MP: 9/9
  8572 | D:7      | Something stole 37 gold
  8583 | D:7      | Killed Maurice
  8584 | D:7      | Reached skill level 7 in Fighting
  9174 | D:8      | Found Mugoc's Weapon Emporium.
  9176 | D:8      | Noticed Jeremiah
  9580 | D:8      | Reached ** piety under Okawaru
  9607 | D:8      | Reached skill level 8 in Fighting
  9872 | D:8      | Reached skill level 5 in Shields
 10175 | D:8      | Found Humirchio's Distillery.
 10181 | D:8      | Bought a potion of heal wounds for 60 gold pieces
 10181 | D:8      | Bought a potion of berserk rage for 60 gold pieces
 10181 | D:8      | Bought a potion of lignification for 36 gold pieces
 10235 | D:8      | Bought a potion of heal wounds for 60 gold pieces
 10235 | D:8      | Bought a potion of heal wounds for 60 gold pieces
 10235 | D:8      | Bought a potion of heal wounds for 60 gold pieces
 10386 | D:8      | Killed Jeremiah
 10387 | D:8      | Reached skill level 10 in Maces & Flails
 10387 | D:8      | Reached XP level 10. HP: 60/87 MP: 10/10
 10639 | D:8      | Reached *** piety under Okawaru
 10879 | D:9      | Noticed Joseph
 10909 | D:9      | Noticed a two-headed ogre
 10920 | D:9      | Found a staircase to the Lair.
 11139 | D:8      | Killed Joseph
 11290 | D:9      | Killed a two-headed ogre
 11291 | D:9      | Reached skill level 9 in Fighting
 11575 | D:8      | Reached skill level 1 in Invocations
 11682 | D:9      | Found a transporter.
 12124 | D:9      | Reached **** piety under Okawaru
 12130 | D:9      | Reached XP level 11. HP: 80/97 MP: 12/12
 12261 | D:9      | Found a staircase to the Orcish Mines.
 12612 | D:9      | Reached skill level 10 in Fighting
 13043 | D:8      | Reached skill level 5 in Invocations
 13129 | D:9      | Found a transporter.
 13169 | D:9      | Noticed Prince Ribbit
 13188 | D:9      | Killed Prince Ribbit
 13664 | D:10     | Entered Level 10 of the Dungeon
 13722 | D:10     | Reached skill level 11 in Fighting
 13789 | D:10     | Found an ancient bone altar of Kikubaaqudgha.
 14450 | D:10     | Found a portal to a secret trove of treasure.
 14483 | D:10     | Reached ***** piety under Okawaru
 14692 | D:11     | Noticed Urug
 14797 | D:11     | Noticed a two-headed ogre
 14808 | D:11     | Killed a two-headed ogre
 14808 | D:11     | Received a gift from Okawaru
 14946 | D:11     | Killed Urug
 15136 | D:11     | Reached XP level 12. HP: 112/112 MP: 15/15
 15211 | D:11     | Reached skill level 12 in Fighting
 15269 | D:11     | Reached skill level 1 in Armour
 15650 | D:11     | Identified the +2 pair of boots "Tiusch" {rF+ rN+ Str+2
                  | Int-3}
 16030 | D:9      | Identified the +0 pair of boots of the Alphagorgon {rF- rN+
                  | Regen+ Stlth+}
 16145 | Lair:1   | Entered Level 1 of the Lair of Beasts
 16810 | Lair:2   | Reached skill level 5 in Armour
 16887 | Lair:2   | Found a hole to the Spider Nest.
 17683 | Lair:2   | Noticed a death yak
 17685 | Lair:2   | Noticed a death yak
 17687 | Lair:2   | Noticed a death yak
 17701 | Lair:2   | Killed a death yak
 17702 | Lair:2   | Reached skill level 13 in Fighting
 17702 | Lair:2   | Noticed a death yak
 17708 | Lair:2   | Noticed a death yak
 17709 | Lair:2   | Killed a death yak
 17714 | Lair:2   | Killed a death yak
 17720 | Lair:2   | Killed a death yak
 17721 | Lair:2   | Reached XP level 13. HP: 76/122 MP: 18/18
 18026 | Lair:2   | Received a gift from Okawaru
 18787 | Lair:3   | Found a staircase to the Shoals.
 19557 | Lair:4   | Identified the +0 plate armour "Xuemut" {+Inv Fly Regen+
                  | Str-5}
 19592 | Lair:4   | Found a runed translucent gate.
 19592 | Lair:4   | Found a runed translucent gate.
 19592 | Lair:4   | Found a runed translucent gate.
 19653 | Lair:4   | Noticed a minotaur
 19655 | Lair:4   | Noticed Hoory's ghost (journeyman GnSh)
 19810 | Lair:4   | Noticed Kirke
 19828 | Lair:3   | Received a gift from Okawaru
 19860 | Lair:3   | Reached skill level 10 in Armour
 19932 | Lair:3   | Killed Kirke
 19933 | Lair:3   | Reached skill level 10 in Shields
 19960 | Lair:4   | Reached skill level 14 in Fighting
 20030 | Lair:4   | Found a blossoming altar of Fedhas.
 20287 | Lair:4   | Found a staircase to the Slime Pits.
 20417 | Lair:4   | Received a gift from Okawaru
 20602 | Lair:4   | Identified the +5 flail of Repuas {heavy, ^Contam Fly rPois
                  | rC- Will+}
 20657 | Lair:4   | Reached XP level 14. HP: 112/132 MP: 18/20
 21069 | Lair:5   | Entered Level 5 of the Lair of Beasts
 22099 | Lair:5   | Received a gift from Okawaru
 23215 | Lair:5   | Found a corrupted altar of Lugonu.
 23215 | Lair:5   | Found a one-way gate to the infinite horrors of the Abyss.
 23506 | D:12     | Noticed Jorgrun
 23541 | D:12     | Killed Jorgrun
 23542 | D:12     | Reached skill level 15 in Fighting
 23780 | D:12     | Noticed Frances
 23851 | D:11     | Killed Frances
 24379 | D:12     | Noticed a storm dragon
 24382 | D:12     | Found a runed translucent door.
 24825 | D:13     | Found a transporter.
 24825 | D:13     | Identified the +8 dire flail "Qiorchal" {heavy, rElec rF-
                  | rCorr MP+9}
 24831 | D:13     | Found a transporter.
 24832 | D:13     | Noticed vnsknbfn's ghost (journeyman MiFi)
 25085 | D:13     | Identified the +5 helmet of the Ornamental God {Harm}
 25149 | D:13     | Reached skill level 1 in Evocations
 25158 | D:13     | Received a gift from Okawaru
 25444 | D:13     | Identified the +1 scale mail of Amuel {rElec Str+3}
 26105 | D:14     | Found a glowing silver altar of Zin.
 26189 | D:13     | Reached XP level 15. HP: 81/141 MP: 21/21
 26368 | D:14     | Got the Directory of the Niveous Mob
 26583 | D:14     | Found a gate to the Vaults.
 27093 | D:14     | Received a gift from Okawaru
 28504 | D:15     | Entered Level 15 of the Dungeon
 28509 | D:15     | Reached skill level 10 in Invocations
 28612 | D:15     | Received a gift from Okawaru
 28616 | D:15     | Reached skill level 16 in Fighting
 28616 | D:15     | Reached skill level 5 in Evocations
 28689 | D:15     | Found a staircase to the Depths.
 29899 | Orc:1    | Entered Level 1 of the Orcish Mines
 29942 | Orc:1    | Found a frozen archway.
 30006 | IceCv    | Entered an ice cave
 30916 | Orc:1    | Found a shimmering altar of Xom.
 30940 | Orc:1    | Noticed Nergalle
 30947 | Orc:1    | Killed Nergalle
 30959 | Orc:1    | Found a runed translucent gate.
 30959 | Orc:1    | Found a runed translucent gate.
 30959 | Orc:1    | Found a runed translucent gate.
 30963 | Orc:1    | Noticed Siufuuj's ghost (journeyman OpMo)
 30963 | Orc:1    | Noticed Kuwn's ghost (journeyman HuDe)
 30965 | Orc:1    | Noticed Bolyar's ghost (adept TrDe)
 30965 | Orc:1    | Noticed Zuxkoip's ghost (journeyman MiFi)
 31233 | Orc:1    | Found Kolaylam's Book Emporium.
 31803 | Orc:2    | Entered Level 2 of the Orcish Mines
 32024 | Orc:2    | Received a gift from Okawaru
 32055 | Orc:2    | Noticed Erolcha
 32589 | Orc:1    | Killed Erolcha
 32722 | Orc:2    | Reached XP level 16. HP: 142/154 MP: 24/24
 32733 | Orc:2    | Found Relejoes's Armour Emporium.
 32776 | Orc:2    | Found Afaumyobb's Distillery.
 32812 | Orc:2    | Found Zituuwor's Armour Shoppe.
 32813 | Orc:2    | Found Xypnad's Armour Emporium.
 32882 | Orc:2    | Noticed Nessos
 32890 | Orc:2    | Killed Nessos
 32908 | Orc:2    | Received a gift from Okawaru
 32912 | Orc:2    | Reached skill level 17 in Fighting
 33022 | Orc:2    | Found Qajesocue's Jewellery Boutique.
 33559 | Orc:2    | Found a staircase to the Elven Halls.
 33732 | Orc:2    | Bought a potion of haste for 170 gold pieces
 33732 | Orc:2    | Bought a potion of heal wounds for 85 gold pieces
 33732 | Orc:2    | Bought a potion of curing for 51 gold pieces
 33732 | Orc:2    | Bought a potion of curing for 51 gold pieces
 33732 | Orc:2    | Bought a potion of curing for 51 gold pieces
 33732 | Orc:2    | Bought a potion of ambrosia for 136 gold pieces
 33749 | Orc:2    | Bought a +2 helmet for 247 gold pieces
 33771 | Orc:2    | Bought a +0 pair of gloves for 72 gold pieces
 34072 | D:12     | Killed a storm dragon
 34327 | D:12     | Identified the ring of Nihilism {+Blink Will+}
 34662 | D:13     | Killed vnsknbfn's ghost
 35063 | Lair:4   | Killed Hoory's ghost
 35411 | Shoals:1 | Entered Level 1 of the Shoals
 35850 | Shoals:1 | Reached ****** piety under Okawaru
 35850 | Shoals:1 | Received a gift from Okawaru
 35885 | Lair:3   | Acquired a +3 eveningstar of protection
 35885 | Lair:3   | Received a gift from Okawaru
 36557 | Shoals:1 | Reached skill level 18 in Fighting
 36897 | Shoals:1 | Reached skill level 15 in Armour
 37189 | Shoals:2 | Received a gift from Okawaru
 37543 | Shoals:2 | Identified 2 scrolls of acquirement
 37548 | Shoals:2 | Acquired the +0 pair of boots of Crawling {Fly rPois Int+3}
 37549 | Shoals:2 | Acquired the +0 pair of gloves of Kathenotheism {Str+9
                  | Int+2}
 38248 | Shoals:2 | Found an iron altar of Okawaru.
 38256 | Shoals:2 | Noticed a kraken
 38630 | Shoals:3 | Noticed Ilsuiw
 38674 | Shoals:3 | Killed Ilsuiw
 38674 | Shoals:3 | Received a gift from Okawaru
 38675 | Shoals:3 | Reached XP level 17. HP: 65/166 MP: 26/26
 38992 | Shoals:3 | Found a runed translucent gate.
 38994 | Shoals:3 | Found a runed translucent gate.
 38995 | Shoals:3 | Found a runed translucent gate.
 39016 | Shoals:3 | Found a burning altar of Makhleb.
 39034 | Shoals:3 | Noticed Toskicku's ghost (adept FoHu)
 39034 | Shoals:3 | Noticed Kifroibbe's ghost (adept DsMo)
 39034 | Shoals:3 | Noticed tish's ghost (adept DECj)
 39226 | Shoals:3 | Found Tilix's Assorted Antiques.
 39234 | Shoals:3 | Bought a scroll of enchant armour for 172 gold pieces
 39234 | Shoals:3 | Bought a potion of mutation for 184 gold pieces
 39234 | Shoals:3 | Bought a potion of ambrosia for 184 gold pieces
 39634 | Shoals:4 | Entered Level 4 of the Shoals
 39634 | Shoals:4 | Noticed Nikola
 40550 | Shoals:4 | Killed Nikola
 40604 | Shoals:4 | Received a gift from Okawaru
 41406 | Shoals:4 | Reached skill level 5 in Dodging
 41902 | Shoals:4 | Got a barnacled rune of Zot
 42356 | Spider:1 | Entered Level 1 of the Spider Nest
 42414 | Spider:1 | Received a gift from Okawaru
 42864 | Spider:1 | Reached skill level 19 in Fighting
 43455 | Spider:1 | Received a gift from Okawaru
 44551 | Spider:2 | Reached XP level 18. HP: 114/177 MP: 22/27
 45003 | Spider:2 | Received a gift from Okawaru
 45965 | Spider:3 | Reached skill level 20 in Fighting
 46662 | Spider:3 | Noticed Arachne
 46686 | Spider:3 | Killed Arachne
 47407 | Spider:4 | Entered Level 4 of the Spider Nest
 47468 | Spider:3 | Received a gift from Okawaru
 48178 | Spider:3 | Reached skill level 21 in Fighting
 49247 | Spider:4 | Received a gift from Okawaru
 49958 | Spider:4 | Got a gossamer rune of Zot
 49963 | Spider:4 | Identified the scarf of the Shimmering Gods {rC+ rF+, MP-9
                  | Int+2 Dex+4}
 50295 | Elf:1    | Entered Level 1 of the Elven Halls
 50465 | Elf:1    | Received a gift from Okawaru
 51202 | Elf:1    | Reached XP level 19. HP: 128/181 MP: 19/28
 51429 | Elf:1    | Reached skill level 22 in Fighting
 51793 | Elf:1    | Identified the +8 flail "Brush" {spect, *Slow rN+++ Str+4}
 51868 | Elf:1    | Noticed Donald
 51882 | Elf:1    | Killed Donald
 52060 | Orc:2    | Bought the amulet of the Coward {rElec Regen+ Str+2 Int+3}
                  | for 817 gold pieces
 52400 | Elf:1    | Reached skill level 10 in Axes
 52401 | Elf:1    | Received a gift from Okawaru
 52573 | Elf:1    | Got Kod Cery's Cyclopedia of Get Rich Quick!
 52783 | Elf:2    | Found a runed translucent gate.
 52784 | Elf:2    | Found a runed translucent gate.
 52784 | Elf:2    | Found a runed translucent gate.
 52807 | Elf:2    | Found Oheut's Magic Scroll Shop.
 52829 | Elf:2    | Paralysed by an air elemental for 1 turns
 53849 | Elf:2    | Received a gift from Okawaru
 54374 | Elf:2    | Upgraded the game from 0.32-a0-530-gb6d6f0d0ac to
                  | 0.32-a0-534-ga61f84b8bd
 54491 | Elf:2    | Bought a scroll of fear for 72 gold pieces
 54491 | Elf:2    | Bought a scroll of revelation for 135 gold pieces
 54491 | Elf:2    | Bought a scroll of enchant weapon for 135 gold pieces
 54683 | Vaults:1 | Entered Level 1 of the Vaults
 54839 | Orc:1    | Killed Siufuuj's ghost
 54851 | Orc:1    | Killed Bolyar's ghost
 54902 | Orc:1    | Killed Zuxkoip's ghost
 54903 | Orc:1    | Reached skill level 15 in Axes
 54912 | Orc:1    | Killed Kuwn's ghost
 55597 | Vaults:1 | Received a gift from Okawaru
 55696 | Vaults:1 | Identified the +4 chain mail "Naczap" {Dex+2 Slay+3 Stlth+}
 55742 | Vaults:1 | Reached XP level 20. HP: 201/201 MP: 20/29
 56188 | Vaults:1 | Found the +3 greatsling "Punk" {acid, rCorr}
 56255 | Vaults:1 | Received a gift from Okawaru
 56269 | Vaults:1 | Identified the +0 hat of the King of the Hill {rPois Str+3}
 56289 | Vaults:1 | Found a radiant altar of Vehumet.
 56298 | Vaults:1 | Identified the +2 hat of the Stag {+Inv rF+++ Str-5}
 57306 | Vaults:1 | Noticed Zenata
 57322 | Arena    | Entered the Arena
 57332 | Arena    | Killed Zenata
 57333 | Arena    | Reached skill level 15 in Shields
 57808 | Vaults:2 | Found a magical portal.
 57841 | WizLab   | Entered The Roulette of Golubria
 57841 | WizLab   | Found a transporter.
 57844 | WizLab   | Found the +1 cloak of Starlight {*Dazzle EV+4 Stlth--}
 57844 | WizLab   | Found a corrupted altar of Lugonu.
 57867 | WizLab   | Found a transporter.
 57934 | WizLab   | Found a transporter.
 57990 | WizLab   | Found a transporter.
 58001 | WizLab   | Found a transporter.
 58001 | WizLab   | Found a transporter.
 58011 | WizLab   | Found a corrupted altar of Lugonu.
 58041 | WizLab   | Found a transporter.
 58043 | WizLab   | Found a transporter.
 58116 | WizLab   | Found a transporter.
 58131 | WizLab   | Found a transporter.
 58135 | WizLab   | Identified the ring of New Discoveries {Fly rCorr Int+2}
 58158 | WizLab   | Found a transporter.
 58158 | WizLab   | Found a transporter.
 58165 | WizLab   | Received a gift from Okawaru
 58179 | WizLab   | Got Golubria's Incunable of Displacement
 58196 | WizLab   | Found a transporter.
 58196 | WizLab   | Found a transporter.
 58248 | WizLab   | Found a transporter.
 58255 | WizLab   | Reached skill level 23 in Fighting
 58299 | WizLab   | Found a transporter.
 58299 | WizLab   | Found a transporter.
 58317 | Arena    | Entered the Arena
 58568 | WizLab   | Identified the +1 cloak "Uzaheen" {+Blink Dex-4 SInv}
 58674 | WizLab   | Found a transporter.
 58674 | WizLab   | Found a transporter.
 58831 | WizLab   | Found a corrupted altar of Lugonu.
 59795 | Vaults:2 | Received a gift from Okawaru
 59807 | Vaults:2 | Reached XP level 21. HP: 192/212 MP: 30/30
 59904 | Vaults:2 | Found a staircase to the Crypt.
 60822 | Vaults:3 | Received a gift from Okawaru
 61041 | Vaults:3 | Reached skill level 24 in Fighting
 61308 | Vaults:3 | Received a gift from Okawaru
 62187 | Vaults:4 | Found Umarch's Armour Boutique.
 63284 | Depths:1 | Entered Level 1 of the Depths
 63361 | Depths:1 | Identified the +0 broad axe "Folamuf" {vamp, Int+4}
 63374 | Depths:1 | Noticed an ancient lich
 63527 | Depths:1 | Received a gift from Okawaru
 63808 | Depths:1 | Reached XP level 22. HP: 219/220 MP: 31/31
 64011 | Depths:1 | Killed an ancient lich
 64068 | Depths:1 | Got the Lessons on Cadavers
 64311 | Depths:1 | Found a white marble altar of Elyvilon.
 64315 | Depths:1 | Reached skill level 1 in Translocations
 64544 | Depths:1 | Found a gateway to Hell.
 64564 | Depths:1 | Identified the +7 scimitar "Caosau" {spect, rF+}
 64665 | Depths:2 | Found a runed translucent door.
 64669 | Depths:2 | Received a gift from Okawaru
 64725 | Depths:2 | Found a runed translucent door.
 64734 | Depths:2 | Found a runed translucent door.
 64736 | Depths:2 | Found a runed translucent door.
 64836 | Depths:2 | Identified the staff "Yqedy" {*Slow rElec rPois rCorr Dex+3
                  | Alchemy}
 64861 | Depths:2 | Found a one-way gate leading to the halls of Pandemonium.
 64956 | Depths:2 | Found an opulent altar of Gozag.
 65125 | Abyss:2  | Cast into level 2 of the Abyss (hell knight)
 65197 | Abyss:3  | Found a glowing golden altar of the Shining One.
 65237 | Abyss:3  | Reached skill level 25 in Fighting
 65462 | Depths:2 | Escaped the Abyss
 65908 | Depths:2 | Received a gift from Okawaru
 66673 | Depths:3 | Found a one-way gateway to a ziggurat.
 67109 | Depths:4 | Entered Level 4 of the Depths
 67117 | Depths:4 | Received a gift from Okawaru
 67118 | Depths:4 | Reached skill level 5 in Translocations
 67309 | Depths:4 | Noticed Vv
 67348 | Depths:4 | Killed Vv
 67349 | Depths:4 | Reached XP level 23. HP: 132/234 MP: 28/32
 68356 | Depths:4 | Identified the +2 robe "Beemyid" {Harm Fly rC+ Dex-3
                  | Archmagi}
 68356 | Depths:4 | Noticed Boris
 68370 | Depths:4 | Killed Boris
 68565 | Depths:4 | Found a shadowy altar of Dithmenos.
 68585 | Depths:4 | Received a gift from Okawaru
 68715 | Depths:4 | Noticed a juggernaut
 68732 | Depths:4 | Killed a juggernaut
 69066 | Depths:4 | Found a runed translucent door.
 69082 | Depths:4 | Found a runed translucent door.
 69156 | Depths:4 | Found a runed translucent door.
 69167 | Depths:4 | Found a runed translucent door.
 69174 | Depths:4 | Found a gate to the Realm of Zot.
 69243 | Depths:4 | Found a runed translucent door.
 69281 | Depths:4 | Identified the ring "Fepi" {Ice rPois rCorr MP+9 Int-2}
 69281 | Depths:4 | Noticed Josephina
 69302 | Depths:4 | Killed Josephina
 69340 | Depths:4 | Found a runed translucent door.
 69726 | Vaults:5 | Entered Level 5 of the Vaults
 69742 | Vaults:5 | Noticed an ancient lich
 69753 | Vaults:5 | Received a gift from Okawaru
 69838 | Vaults:5 | Reached skill level 26 in Fighting
 70181 | Vaults:4 | Received a gift from Okawaru
 70241 | Vaults:4 | Killed an ancient lich
 70677 | Vaults:5 | Received a gift from Okawaru
 70688 | Vaults:5 | Reached XP level 24. HP: 245/245 MP: 32/32
 70706 | Vaults:5 | Learned a level 4 spell: Passage of Golubria
 70709 | Vaults:5 | Learned a level 2 spell: Blink
 71658 | Vaults:5 | Got a silver rune of Zot
 72157 | Orc:1    | Bought a book of Battle for 442 gold pieces
 72162 | Orc:1    | Learned a level 4 spell: Manifold Assault
 72433 | Zot:1    | Entered Level 1 of the Realm of Zot
 72642 | Depths:4 | Received a gift from Okawaru
 73876 | Zot:1    | Received a gift from Okawaru
 73878 | Zot:1    | Paralysed by a formless jellyfish for 1 turns
 74815 | Zot:2    | Noticed an orb of fire
 74836 | Zot:2    | Killed an orb of fire
 75614 | Zot:3    | Reached skill level 27 in Fighting
 75649 | Zot:3    | Received a gift from Okawaru
 75875 | Zot:3    | Identified the +6 great sword of the Revolution {chaos,
                  | *Rage rElec rC++ Str+3}
 75875 | Zot:3    | Identified the +0 scale mail "Hadoog" {Str-3 Int+2 Slay+4}
 75906 | Zot:3    | Found a large runed translucent door.
 75906 | Zot:3    | Noticed a Killer Klown
 75939 | Zot:3    | Killed a Killer Klown
 76220 | Zot:3    | Found a large runed translucent door.
 76221 | Zot:3    | Found a large runed translucent door.
 76221 | Zot:3    | Identified the +6 glaive of Uloej {chaos, Will+ Str+5}
 76221 | Zot:3    | Identified the +4 ring mail "Bammoeti" {^Contam ^Drain
                  | rElec Int+8}
 76221 | Zot:3    | Found a large runed translucent door.
 76221 | Zot:3    | Found a shimmering altar of Xom.
 76221 | Zot:3    | Found a large runed translucent door.
 76221 | Zot:3    | Found a large runed translucent door.
 76221 | Zot:3    | Found a large runed translucent door.
 76221 | Zot:3    | Identified the +4 great sword "Widowermaker" {chaos, rPois}
 76221 | Zot:3    | Identified the +4 scale mail of the Weak God {^Contam Str+6
                  | Stlth+}
 76221 | Zot:3    | Found a large runed translucent door.
 76250 | Zot:3    | Reached skill level 10 in Translocations
 76437 | Zot:3    | Noticed a Killer Klown
 76438 | Zot:3    | Identified the +8 battleaxe of Crystal {chaos, ^Drain rElec
                  | Int+3 Stlth+}
 76438 | Zot:3    | Identified the +3 chain mail "Mihigyta" {Dex+4}
 76467 | Zot:3    | Killed a Killer Klown
 76478 | Arena    | Entered the Arena
 76537 | Zot:3    | Reached XP level 25. HP: 135/257 MP: 32/32
 76654 | Zot:3    | Noticed a Killer Klown
 76683 | Zot:3    | Killed a Killer Klown
 77084 | Zot:4    | Received a gift from Okawaru
 77926 | Zot:4    | Received a gift from Okawaru
 78523 | Zot:5    | Entered Level 5 of the Realm of Zot
 79268 | Zot:5    | Received a gift from Okawaru
 79565 | Zot:5    | Noticed a Killer Klown
 79581 | Zot:5    | Killed a Killer Klown
 79600 | Zot:5    | Noticed an orb of fire
 79618 | Zot:5    | Gained mutation: Your health recovers twice as slowly from
                  | being drained. [an orb of fire]
 79620 | Zot:5    | Gained mutation: Your body sometimes deteriorates upon
                  | taking damage. [an orb of fire]
 79628 | Zot:5    | Killed an orb of fire
 79677 | Zot:5    | Noticed an ancient lich
 79710 | Zot:5    | Killed an ancient lich
 79835 | Zot:5    | Noticed a dread lich
 79869 | Zot:5    | Killed a dread lich
 79871 | Zot:5    | Noticed a Killer Klown
 79879 | Zot:5    | Noticed an ancient lich
 79903 | Zot:5    | Killed a Killer Klown
 79940 | Zot:5    | Killed an ancient lich
 80223 | Zot:5    | Noticed a Killer Klown
 80266 | Zot:5    | Killed a Killer Klown
 80460 | Zot:5    | Noticed a Killer Klown
 80461 | Zot:5    | Noticed an orb of fire
 80470 | Zot:5    | Reached XP level 26. HP: 266/266 MP: 0/32
 80477 | Zot:5    | Noticed a dread lich
 80482 | Zot:5    | Killed an orb of fire
 80492 | Zot:5    | Killed a dread lich
 80502 | Arena    | Entered the Arena
 80545 | Zot:5    | Received a gift from Okawaru
 80889 | Zot:5    | Got the Orb of Zot
 81465 | D:1      | Noticed Degoruof the pandemonium lord
 81482 | D:$      | Escaped with the Orb!

Illustrated notes

Levels and vault maps discovered:
D:1:      dpeg_arrival_rooms_c, layout_basic, ebering_ecumenical_altar_rust
D:2:      layout_basic, minmay_circled_x
D:3:      layout_basic, dreamdust_princess_bridge, chequers_serial_rivers_marsh
D:4:      layout_basic
D:5:      layout_basic, amcnicky_altar_gilded, serial_shops, shop
D:6:      layout_layer_cave, mainiacjoe_overflow_cross_hatched,
          nicolae_overflow_two_pavilions, minmay_temple_entry_wispy
D:7:      layout_basic, minmay_hedge_maze, uniq_maurice
D:8:      layout_basic, serial_shops, shop_statue, kennysheep_little_box,
          uniq_jeremiah
D:9:      gammafunk_cloud_chamber, layout_irregular_city,
          minmay_lair_entry_grove, erik_orc_3, minmay_alternating_orb,
          uniq_prince_ribbit1, uniq_joseph
D:10:     layout_loops_cross, nicolae_kikubaaqudgha_miasma_corner,
          nicolae_trove_entry_isolated
D:11:     cheibrodos_wizards_tower, layout_long_grid, nicolae_tricolors,
          uniq_urug
D:12:     layout_rooms, minmay_st_funbox, serial_bayou_pond_d,
          nzn_sisyphean_effort, uniq_jorgrun, uniq_frances
D:13:     layout_roguey, gammafunk_ghost_smash, fungi_pond_lemuel
D:14:     minmay_opposing_rooms, layout_small_grid,
          lightli_vaults_fourway_checkpoint, minivault_22, zin_academy
D:15:     hangedman_depths_entry_civil_slaughter, layout_basic
Temple:   minmay_temple_bridge_d
Lair:1:   layout_long_grid
Lair:2:   layout_roguey, nicolae_spider_entry_tight_spaces, beast_lair_carwin_4,
          serial_bayou_shore_b, grunt_megastairs_1
Lair:3:   layout_loops_ring, minmay_shoals_entry_lonely_mermaid,
          kennysheep_catoblepas_arena, grunt_megastairs_4
Lair:4:   hellmonk_destroyed_diamonds, layout_cave_shapes,
          nicolae_slime_entry_slimehenge, maelrawn_ghost_gauntlet_escape,
          basic_altar, uniq_kirke
Lair:5:   hellmonk_lair_end_abyssal_woods, layout_misc_corridors
Shoals:1: layout_shoals, ldierk_geyser
Shoals:2: layout_shoals, wheals_shoals_ruined_temple
Shoals:3: layout_shoals, serial_shops, shop, gammafunk_ghost_cemetery,
          lemuel_altar_in_water, uniq_ilsuiw
Shoals:4: shoals_end_grunt_ice, layout_shoals, uniq_nikola
Spider:1: layout_spider_delve
Spider:2: nicolae_spider_hilbert_zone_3 [nicolae_spider_hilbert_4_sides_2_open,
          nicolae_spider_hilbert_3_sides_1_open,
          nicolae_spider_hilbert_3_sides_1_open,
          nicolae_spider_hilbert_3_sides_1_open,
          nicolae_spider_hilbert_3_sides_1_open,
          nicolae_spider_hilbert_4_sides_1_open,
          nicolae_spider_hilbert_4_sides_1_open,
          nicolae_spider_hilbert_4_sides_1_open,
          nicolae_spider_hilbert_4_sides_1_open,
          nicolae_spider_hilbert_4_sides_1_open,
          nicolae_spider_hilbert_4_sides_1_open,
          nicolae_spider_hilbert_4_sides_1_open,
          nicolae_spider_hilbert_4_sides_1_open,
          nicolae_spider_hilbert_3_sides_1_open,
          nicolae_spider_hilbert_3_sides_1_open,
          nicolae_spider_hilbert_3_sides_1_open,
          nicolae_spider_hilbert_3_sides_1_open]
Spider:3: layout_chambers, uniq_arachne
Spider:4: hellmonk_spider_rune_endless_swarm, drop_trap
Orc:1:    layout_diamond_mine, portal_ice_cave_demonic_guard,
          gammafunk_ghost_cemetery, serial_shops, nicolae_shop_rolling_square,
          basic_altar, hangedman_minor_magic, uniq_nergalle
Orc:2:    st_orc_open, layout_caves, serial_shops,
          nicolae_shop_tiny_real_fake_doors,
          regret_index_minedec_guest_junction, uniq_erolcha, uniq_nessos
Elf:1:    minmay_elf_crystal_hexagon, layout_loops_corners,
          guppyfry_library_mini, serial_library_hellmonk_angled_corner,
          minivault_11, hellmonk_elf_help, uniq_donald
Elf:2:    nicolae_elf_blades_crystal_corner, layout_geoelf_octagon,
          serial_shops, shop
Vaults:1: vaults_standard_mumra_x, grunt_tower_of_power,
          nicolae_vaults_tetromino_L_1, vaults_mumra_hex,
          nicolae_vaults_weapon_check, v_misc_15,
          nicolae_vaults_network_periphery, nicolae_vaults_double_plus_2,
          vaults_room_door_ring, nicolae_vaults_alarming, nicolae_vaults_two_Ls,
          layout_vaults_ring, uniq_zenata
Vaults:2: mu_enter_wizlab_1, nicolae_vaults_security_offices_1,
          vaults_room_boxed, minmay_crypt_entry_simple_corners,
          grunt_vaults_bifocal, ontoclasm_vaults_loading_screen,
          nicolae_vaults_more_shelving_2, hangedman_vaults_restitches,
          grunt_vaults_hallway_short, nicolae_vaults_house_2,
          nicolae_vaults_house_1, hangedman_vaults_capsules,
          layout_vaults_omnicross
Vaults:3: hangedman_vaults_trim, vaults_room_hallway,
          nicolae_vaults_variable_pillar_hall_cross, st_smaller_cells,
          nicolae_vaults_network_quinsquares
          [nicolae_vaults_network_quincunx_subvault,
          nicolae_vaults_network_quincunx_subvault,
          nicolae_vaults_network_quincunx_subvault,
          nicolae_vaults_network_quincunx_subvault], nicolae_vaults_mitosis,
          ontoclasm_vaults_ring_large, v_rooms_4,
          nicolae_vaults_little_squares_1, hangedman_vaults_pinch,
          vaults_room_pool, nicolae_vaults_windows_and_doors_thing,
          layout_vaults_maze_bifur
Vaults:4: v_pattern_2, nicolae_vaults_taking_the_gang_shopping,
          nicolae_vaults_triangles, v_misc_32, v_misc_25,
          serial_library_hellmonk_open_square, nicolae_vaults_mini_display_case,
          nicolae_vaults_bisected_slash, layout_vaults_omnigrid
Vaults:5
Depths:1: layout_roguey [special_room_morgue], dk_noncrumbling_3,
          lightli_too_deep, serial_library_hellmonk_small_corner,
          kennysheep_nub, minmay_misc_feat_tiny, minmay_misc_feat_plants,
          hangedman_glass_teeth, elyvilon_altar_3
Depths:2: impenetrable_vault, layout_long_grid, serial_sigils,
          serial_sigils_hangedman_confine, serial_sigils_hangedman_stare,
          serial_sigils_hangedman_etch, serial_sigils_hangedman_scratch,
          nicolae_gozag_cash_rules_everything_around_me, hell_entry, pan_entry
Depths:3: minmay_the_grid_octo_tiled_octocenter_mashed
          [minmay_the_grid_octo_checkered, minmay_the_grid_octo_horde,
          minmay_the_grid_octo_tetromino_candy, minmay_the_grid_octo_empty,
          minmay_the_grid_octo_prize_single_spiral,
          minmay_the_grid_square_5x5_three_walls,
          minmay_the_grid_square_5x5_detours,
          minmay_the_grid_square_5x5_hollow_slash,
          minmay_the_grid_square_5x5_tri_point], layout_gridville,
          enter_ziggurat_b, hangedman_coc_ice_floe, minmay_misc_feat_cross,
          abyss_entry, infiniplex_staircase_pillars_2
Depths:4: evilmike_zot_entry_castle, layout_basic,
          nicolae_dithmenos_shadow_blocks, abyss_entry, hell_entry, uniq_boris,
          uniq_josephina, uniq_vv
Zot:1:    layout_cellular_growth
Zot:2:    layout_onion
Zot:3:    layout_basic, hangedman_xom_zot_hilarity
Zot:4:    layout_basic
Zot:5:    layout_onion

Skill      XL: |  1  2  3  4  5  6  7  8  9 10 11 12 13 14 15 16 17 18 19 20 21 22 23 24 25 |
---------------+----------------------------------------------------------------------------+-----
Stealth        | 4 |  4.2
Axes           | 1 3 4 6 8 9 15 | 15.5
Fighting       | 4 5 6 8 9 11 13 14 15 16 18 19 21 22 23 24 25 26 27 | 27.0
Maces & Flails | 3 7 10 12 14 | 14.9
Shields        | 3 5 6 8 10 12 13 14 16 18 19 20 21 23 | 23.7
Invocations    | 2 5 7 8 11 13 | 13.0
Armour         | 7 11 13 15 16 17 18 19 21 22 23 24 25 | 25.8
Evocations     | 2 5 7 8 |  8.0
Dodging        | 7 |  7.0
Translocations | 5 8 10 12 | 12.9

Action                     |  1- 3 |  4- 6 |  7- 9 | 10-12 | 13-15 | 16-18 | 19-21 | 22-24 | 25-27 || total
---------------------------+-------+-------+-------+-------+-------+-------+-------+-------+-------++-------
  Melee: Mace              |    45 |       |       |       |       |       |       |       |       ||    45
         War axe           |    77 |   168 |    71 |       |       |       |       |       |       ||   316
         Morningstar       |       |       |   325 |   703 |       |       |       |       |       ||  1028
         Eveningstar       |       |       |       |   316 |  1653 |  2317 |   297 |   342 |    23 ||  4948
         Unarmed           |       |       |       |       |     1 |       |       |       |       ||     1
         Broad axe         |       |       |       |       |       |       |  1340 |  1574 |   723 ||  3637
  Throw: Dart              |     8 |     9 |     6 |       |       |       |       |       |       ||    23
         Throwing net      |       |       |       |       |       |       |       |       |     2 ||     2
   Cast: Manifold Assault  |       |       |       |       |       |       |       |    61 |    37 ||    98
 Invoke: Heroism           |       |       |     6 |    17 |    18 |    17 |    10 |     1 |     1 ||    70
         Finesse           |       |       |       |     4 |     3 |     4 |     3 |    10 |     5 ||    29
         Receive Weapon    |       |       |       |       |       |     1 |       |       |       ||     1
         Duel              |       |       |       |       |       |       |     2 |     1 |     1 ||     4
  Evoke: Wand              |     1 |       |    16 |     6 |    50 |    16 |    13 |    18 |     4 ||   124
         Lightning rod     |       |       |       |       |     2 |     2 |     4 |     1 |       ||     9
         Condenser vane    |       |       |       |       |       |       |     1 |     2 |     1 ||     4
    Use: Scroll            |     3 |     6 |     8 |     5 |     8 |     9 |    10 |     7 |     8 ||    64
         Potion            |     1 |     2 |     1 |     5 |     3 |     4 |     4 |     9 |    11 ||    40
   Stab: Sleeping          |    13 |       |       |       |       |       |       |       |       ||    13
         Invisible         |       |       |       |     1 |       |       |    14 |    26 |    15 ||    56
         Paralysed         |       |       |       |       |       |     3 |     4 |     6 |       ||    13
 Armour: Leather armour    |    64 |       |       |       |       |       |       |       |       ||    64
         Plate armour      |       |   136 |   305 |   604 |   618 |       |       |       |       ||  1663
         Skin              |       |       |       |     3 |       |       |       |       |       ||     3
         Crystal plate arm |       |       |       |       |   200 |  1579 |  1022 |  1329 |   401 ||  4531
         Scale mail        |       |       |       |       |       |    35 |       |       |       ||    35
  Dodge: Dodged            |    76 |    71 |   138 |   309 |   406 |   729 |   579 |   657 |   228 ||  3193
         Repelled          |     1 |       |     3 |     2 |    21 |    16 |    53 |    98 |    22 ||   216
  Block: Other             |    33 |    48 |    29 |       |       |       |       |       |       ||   110
         Reflection        |     2 |     3 |     7 |       |    33 |    56 |    68 |    39 |    10 ||   218
         Kite shield       |       |       |   195 |   515 |  1266 |  2266 |   926 |  1104 |   391 ||  6663

Table legend: (Time is in decaauts)
 A = Elapsed time spent in this place.
 B = Non-inter-level travel time spent in this place.
 C = Inter-level travel time spent in this place.
 D = Time resting spent in this place.
 E = Time spent auto-exploring this place.
 F = Levels seen in this place.
 G = Mean time per level.
                   A        B        C        D        E       F      G
               +--------+--------+--------+--------+--------+-----+--------+
         Total |  79467 |  71934 |   7533 |  22583 |  30439 |  55 | 1444.9 |
       Dungeon |  25178 |  22072 |   3106 |   7090 |   9352 |  15 | 1678.5 |
        Temple |    146 |      2 |    144 |      0 |      0 |   1 |  146.0 |
          Lair |   8630 |   7377 |   1253 |   2285 |   3387 |   5 | 1726.0 |
        Shoals |   6953 |   6508 |    445 |   2537 |   2499 |   4 | 1738.2 |
   Spider Nest |   7370 |   7049 |    321 |   2519 |   2673 |   4 | 1842.5 |
  Orcish Mines |   3751 |   3321 |    430 |   1488 |   1026 |   2 | 1875.5 |
   Elven Halls |   3181 |   2872 |    309 |    568 |   1414 |   2 | 1590.5 |
        Vaults |   7999 |   7227 |    772 |   1415 |   3965 |   5 | 1599.8 |
        Depths |   6248 |   5814 |    434 |   1574 |   2680 |   4 | 1562.0 |
           Zot |   7701 |   7384 |    317 |   2215 |   3233 |   5 | 1540.2 |
         Abyss |    305 |    305 |      0 |    100 |     21 |   2 |  152.5 |
      Ice Cave |    795 |    795 |      0 |    503 |      0 |   1 |  795.0 |
        Wizlab |   1113 |   1113 |      0 |    243 |    187 |   1 | 1113.0 |
         Arena |     91 |     91 |      0 |     42 |      0 |   4 |   22.8 |
               +--------+--------+--------+--------+--------+-----+--------+

Top non-repeatable levels by time:
Spider:3: 2718 daAuts
     D:9: 2664 daAuts
     D:8: 2466 daAuts
Depths:4: 2399 daAuts
    D:13: 2272 daAuts
     D:5: 2230 daAuts
    D:14: 2194 daAuts
   Zot:5: 2156 daAuts
  Lair:5: 2137 daAuts
   Orc:2: 2009 daAuts
Shoals:4: 1966 daAuts
  Lair:2: 1909 daAuts
Spider:4: 1879 daAuts
Vaults:1: 1876 daAuts
Shoals:3: 1861 daAuts
